Map: Ulrena

Players

LilDicky

  • Race: Terran Terran
  • League: Diamond

Mavrick - Winner!

  • Race: Terran Terran
  • League: Bronze

VOD

http://www.twitch.tv/tumescentpie

Description

Time

  • Played on: Jan. 3, 2016, 5:57 a.m.
  • Length: 4:46
Show
View Real Time Build Order
Export as new Build Order

LilDicky Terran 

Build Orders:  

Get SALT Encoding   

  12  0:02  SCV  
  13  0:14  SCV  
  14  0:18  Supply Depot  
  14  0:27  SCV  
  15  0:31  Refinery  
  15  0:39  SCV  
  16  0:47  Barracks  
  16  0:53  SCV  
  17  1:05  SCV  
  18  1:20  SCV  
  19  1:34  Reaper  
  19  1:36  Supply Depot  
  19  1:38  Orbital Command  
  20  1:46  Barracks  
  20  1:47  Barracks  
  20  1:54  Refinery  
  20  2:03  SCV  
  20  2:07  Reaper  
  22  2:15  SCV  
  22  2:19  Supply Depot  
  23  2:39  Reaper  
  23  2:41  Reaper x2  
  23  2:42  SCV  
  27  2:44  Supply Depot  
  27  2:54  Supply Depot, SCV  
  28  3:11  Reaper  
  28  3:13  Reaper x2  
  28  3:16  SCV  
  27  3:43  Reaper  
  27  3:47  Factory, Reaper  
  30  3:48  SCV  
  30  3:50  Command Center  
  31  4:00  SCV  
  32  4:12  SCV  
  32  4:16  Marine  
  34  4:19  Marine  
  34  4:23  Marine  
  33  4:36  Factory Tech Lab  
  33  4:37  Engineering Bay  
Show
View Real Time Build Order
Export as new Build Order

Mavrick Terran - Winner!

Build Orders: 1/1/1 

Get SALT Encoding   

  12  0:01  SCV  
  13  0:13  SCV  
  14  0:24  Supply Depot  
  14  0:25  Refinery  
  14  0:28  SCV  
  15  0:46  SCV  
  15  0:47  Barracks  
  16  0:58  SCV  
  16  1:02  Supply Depot  
  17  1:10  SCV  
  18  1:22  SCV  
  19  1:34  SCV  
  19  1:37  Factory  
  19  1:38  Marine  
  21  1:46  Refinery, Orbital Command  
  21  1:55  Marine  
  21  1:57  Supply Depot  
  22  2:12  SCV  
  22  2:13  Marine  
  24  2:20  Factory Tech Lab  
  24  2:23  Starport  
  24  2:24  SCV  
  25  2:34  Marine  
  26  2:43  Siege Tank  
  29  2:46  SCV  
  30  2:52  Marine  
  30  2:57  Supply Depot  
  31  3:00  Starport Tech Lab  
  31  3:21  Banshee  
  31  3:24  Siege Tank  
  31  3:27  SCV  
  38  3:29  Marine  
  38  3:32  Supply Depot  
  34  3:47  Marine  
  35  4:02  Hellion  
  37  4:05  Marine  
  41  4:22  Marine  
  44  4:24  Command Center  
Tags
 
Add a new tag
Caveats
  • Supply blocks, unpowered buildings, or Contaminate may cause inaccurate times.
  • Supply counts are checked every 10 seconds.